 Dungeon Crawl Stone Soup version 0.20.1-1-g8b1a95d (webtiles) character file.

2131 peteyfrogboy the Fighter (level 9, -1/93 HPs)
             Began as a Gargoyle Fighter on Nov 10, 2017.
             Slain by terrabitesyou's ghost (9 damage)
             ... on level 7 of the Dungeon.
             The game lasted 00:10:28 (5245 turns).

peteyfrogboy the Fighter (Gargoyle Fighter)         Turns: 5245, Time: 00:10:29

Health: -1/93      AC: 21    Str: 29 (31) XL:     9   Next: 30%
Magic:  9/9        EV:  2    Int: 10 (13) God:
Gold:   494        SH: 10    Dex: 11 (14) Spells: 8/8 levels left

rFire    . . .     SeeInvis .   a - +0 trident
rCold    . . .     Gourm    .   c - +0 shield
rNeg     + + +     Faith    .   (armour currently unavailable)
rPois    ∞         Spirit   .   (helmet currently unavailable)
rElec    .         Reflect  .   (cloak currently unavailable)
rCorr    .         Harm     +   (gloves currently unavailable)
MR       .....     NoTele   +   (boots currently unavailable)
Stlth    ++........             h - amulet of harm
Regen    0.3/turn               A - -3 ring of protection (curse)
MPRegen  0.2/turn               (no ring)

@: mighty, brilliant, agile, tree-form
A: negative energy resistance 1, strong 1, petrification resistance, rot
immunity, AC +5
a: no special abilities


You were on level 7 of the Dungeon.
You were not hungry.
You were a tree.
You visited 2 branches of the dungeon, and saw 8 of its levels.

You collected 494 gold pieces.

Inventory:

Hand Weapons
 a - a +0 trident (weapon)
Armour
 c - a +0 shield (worn)
 p - a +0 chain mail (melded)
 x - a +0 cloak (melded)
 C - a +0 pair of gloves (melded)
Jewellery
 h - an amulet of harm (around neck)
 A - a cursed -3 ring of protection (left branch)
 E - an uncursed ring of protection from magic {unknown}
Scrolls
 b - 2 scrolls of immolation
 e - 4 scrolls of identify {unknown}
 i - 3 scrolls of remove curse {unknown}
 k - a scroll of fear {unknown}
 m - 2 scrolls of magic mapping {unknown}
 s - 2 scrolls of teleportation {unknown}
 t - a scroll of enchant weapon {unknown}
 u - 3 scrolls of amnesia {unknown}
 y - 2 scrolls of fog {unknown}
 z - 2 scrolls of enchant armour {unknown}
Potions
 n - 2 potions of lignification
 o - 3 potions of curing
 r - a potion of mutation
 v - 2 potions of flight
 w - a potion of degeneration
 B - a potion of heal wounds {unknown}
 D - 2 potions of haste {unknown}
Comestibles
 f - 6 bread rations
 g - a fruit
 q - a royal jelly


   Skills:
 * Level 9.9 Fighting
 + Level 5.8 Polearms
 + Level 7.2 Armour
 - Level 3.2 Shields


You had 8 spell levels left.
You didn't know any spells.

Dungeon Overview and Level Annotations

Branches:
Dungeon (7/15)             Temple (1/1) D:4

Altars:
Ashenzari
Cheibriados
Dithmenos
Elyvilon
Fedhas
Gozag
Hepliaklqana
Kikubaaqudgha
Makhleb
Nemelex Xobeh
Okawaru
Qazlal
Ru
Sif Muna
Trog
Uskayaw
Vehumet
Xom
Yredelemnul
Zin

Shops:
D:3 *   D:5 *

Annotations:
D:7 terrabitesyou's ghost, novice TrSk


Innate Abilities, Weirdness & Mutations

You are resistant to torment.
((Your stone body is resilient. (AC +5)))
You are immune to poison.
You resist negative energy. (rN+)
((You are resistant to electric shocks. (rElec)))
((You can survive without breathing.))
You are immune to petrification.
You are immune to rotting.
((Armour fits poorly on your strangely shaped body.))
Your muscles are strong. (Str +2)


Message History

You block terrabitesyou's ghost's attack.
It was a potion of flight.
Your roots keep you in place.
Terrabitesyou's ghost hits you!
* * * LOW HITPOINT WARNING * * *
It was a potion of mutation.
You feel extremely strange.
Your body twists and deforms.
You feel stronger.
You block terrabitesyou's ghost's attack.
It was a potion of degeneration.
There was something very wrong with that liquid.
You feel weakened.
You feel dopey.
You feel clumsy.
Terrabitesyou's ghost lets out a mournful wail.
Terrabitesyou's ghost hits you.
* * * LOW HITPOINT WARNING * * *
It was a potion of agility.
You feel agile all of a sudden.
Terrabitesyou's ghost hits you but does no damage.
It was a potion of brilliance.
You feel clever all of a sudden. Terrabitesyou's ghost hits you!
You die...

.. #....### #
...####+#<.#.#.#
.................
...#......#.#.#.
#......# #
###.##.# #.# .#
#.# .# #♣# .# #W#
#.# #)# #.# ..#
..# ...# ?...


You could see terrabitesyou's ghost.

Vanquished Creatures
  The ghost of lad the Ducker, a novice MiGl of Hepliaklqana (D:6)
  The ghost of DonRocco the Stinger, an amateur DEVM (D:5)
  A water moccasin (D:5)
  A sky beast (D:4)
  3 phantoms
  3 ogres
  2 centaurs (D:6)
  A bullfrog (D:6)
  A crimson imp (D:5)
  A bullfrog zombie (D:3)
  A hound (D:5)
  2 jellies
  Crazy Yiuf (D:3)
  2 orc priests
  3 orc wizards
  An iguana (D:4)
  5 worker ants
  A hound skeleton (D:5)
  6 adders
  An ooze (D:4)
  An adder skeleton (D:4)
  2 worms (D:2)
  3 dart slugs
  3 leopard geckos
  15 orcs
  5 ball pythons
  4 giant cockroaches
  7 goblins
  4 hobgoblins
  10 jackals
  4 kobolds
  2 quokkas
  6 bats
  9 frilled lizards
  A jackal skeleton (D:5)
  A quokka zombie (D:5)
  9 rats
124 creatures vanquished.

Notes
Turn   | Place    | Note
-------+----------+-------------------------------------------
     0 | D:1      | peteyfrogboy the Gargoyle Fighter began the quest for the Orb.
     0 | D:1      | Reached XP level 1. HP: 14/14 MP: 1/1
   136 | D:1      | Reached XP level 2. HP: 20/20 MP: 2/2
   746 | D:2      | Found a transporter.
   746 | D:2      | Found a transporter.
   779 | D:2      | Found a shimmering altar of Xom.
   799 | D:2      | Reached skill level 4 in Fighting
   841 | D:2      | Reached XP level 3. HP: 23/24 MP: 3/3
   888 | D:2      | Found a shattered altar of Ashenzari.
  1121 | D:2      | Reached XP level 4. HP: 30/30 MP: 4/4
  1373 | D:2      | You fall through a shaft!
  1718 | D:3      | Reached skill level 5 in Fighting
  1767 | D:3      | Reached XP level 5. HP: 32/35 MP: 5/5
  1970 | D:3      | Found a sacrificial altar of Ru.
  1973 | D:3      | Found an ancient bone altar of Kikubaaqudgha.
  1976 | D:3      | Found a deep blue altar of Sif Muna.
  2092 | D:3      | Found an opulent altar of Gozag.
  2094 | D:3      | Found Gozag's Platinum Reserve.
  2262 | D:3      | Found a runed door.
  2266 | D:3      | Noticed Crazy Yiuf
  2280 | D:3      | Killed Crazy Yiuf
  2444 | D:4      | Found a white marble altar of Elyvilon.
  2500 | D:4      | Noticed a sky beast
  2542 | D:4      | Killed a sky beast
  2542 | D:4      | Reached XP level 6. HP: 20/41 MP: 6/6
  2774 | D:4      | Reached skill level 6 in Fighting
  2941 | D:4      | Found a basalt altar of Yredelemnul.
  3030 | D:4      | Found a sparkling altar of Nemelex Xobeh.
  3045 | D:4      | Noticed a phantom
  3062 | D:4      | Killed a phantom
  3062 | D:4      | Reached skill level 5 in Armour
  3062 | D:4      | Reached XP level 7. HP: 47/47 MP: 7/7
  3209 | D:4      | Reached skill level 7 in Fighting
  3221 | D:4      | Found a staircase to the Ecumenical Temple.
  3230 | Temple   | Entered the Ecumenical Temple
  3661 | D:5      | Entered Level 5 of the Dungeon
  3801 | D:5      | Found Oculaudgh's Serpentskin Sales.
  3999 | D:5      | Noticed DonRocco's ghost (amateur DEVM)
  4043 | D:5      | Killed DonRocco's ghost
  4043 | D:5      | Reached XP level 8. HP: 53/54 MP: 8/8
  4062 | D:5      | Reached skill level 8 in Fighting
  4550 | D:6      | Noticed lad's ghost (novice MiGl)
  4594 | D:6      | Killed lad's ghost
  4594 | D:6      | Reached skill level 9 in Fighting
  4594 | D:6      | Reached skill level 5 in Polearms
  4594 | D:6      | Reached XP level 9. HP: 30/60 MP: 9/9
  5116 | D:6      | Found a bloodstained altar of Trog.
  5217 | D:7      | Noticed terrabitesyou's ghost (novice TrSk)
  5242 | D:7      | Gained mutation: Armour fits poorly on your strangely shaped body. [potion of mutation]
  5242 | D:7      | Gained mutation: Your muscles are strong. (Str +2) [potion of mutation]
  5245 | D:7      | Slain by terrabitesyou's ghost

Skill      XL: |  1  2  3  4  5  6  7  8  9 |
---------------+----------------------------+-----
Polearms       | 2 3 4 5 |  5.8
Fighting       | 4 5 6 7 9 |  9.9
Armour         | 4 5 6 7 |  7.2
Shields        | |  3.2

Action                   |  1- 3 |  4- 6 |  7- 9 || total
-------------------------+-------+-------+-------++-------
Melee: Trident           |   138 |   201 |   278 ||   617
  Use: Scroll            |       |     1 |       ||     1
       Potion            |       |       |     9 ||     9
 Stab: Confused          |       |       |     2 ||     2
  Eat: Chunk             |     1 |     6 |     8 ||    15
Armor: Scale mail        |    53 |       |       ||    53
       Chain mail        |       |   115 |   137 ||   252
       Skin              |       |       |     1 ||     1
Dodge: Dodged            |    34 |    32 |    54 ||   120
Block: Shield            |    60 |    70 |   112 ||   242
